 Dungeon Crawl Stone Soup version 0.27.1-1-g398f81649c (webtiles) character file.

Game seed: 16042871804483056123

576 ZARRMARR the Sneak (level 7, -5/48 HPs)
             Began as an Octopode Transmuter on Sept 7, 2021.
             Slain by a sky beast (6 damage)
             ... on level 6 of the Dungeon.
             The game lasted 00:14:12 (5603 turns).

ZARRMARR the Sneak (Octopode Transmuter)            Turns: 5603, Time: 00:14:12

Health: -5/48      AC:  1    Str:  9    XL:     7   Next: 35%
Magic:  9/10       EV: 14    Int: 17    God:
Gold:   293        SH:  0    Dex: 13    Spells: 9/10 levels left

rFire    . . .     SeeInvis .     - Unarmed
rCold    . . .     Faith    .   (no shield)
rNeg     . . .     Spirit   .   (helmet currently unavailable)
rPois    .         Reflect  .   o - amulet of the acrobat
rElec    .         Harm     .   n - ring of resist corrosion
rCorr    +         Rampage  .   (no ring)
Will     .....                  (no ring)
Stlth    ++++......             (no ring)
HPRegen  0.16/turn              (no ring)
MPRegen  0.12/turn              (no ring)
                                (no ring)
                                (no ring)

@: appendages
A: tentacle spike 3, almost no armour, amphibious, 8 rings, camouflage 1,
gelatinous body 1, (nimble swimmer 1), tentacles
a: End Transformation


You were on level 6 of the Dungeon.
One of your tentacles had grown a beastly spike.
You visited 1 branch of the dungeon, and saw 6 of its levels.

You collected 293 gold pieces.

Inventory:

Missiles
 l - 3 curare-tipped darts (quivered)
Jewellery
 n - a ring of resist corrosion (left tentacle)
 o - an amulet of the acrobat (around mantle)
Wands
 m - a wand of paralysis (9)
Scrolls
 c - 2 scrolls of teleportation
 g - a scroll of enchant armour
 h - a scroll of brand weapon
 i - a scroll of blinking {unknown}
 k - a scroll of enchant weapon {unknown}
Potions
 a - a potion of magic {unknown}
 b - 2 potions of invisibility {unknown}
 d - a potion of lignification {unknown}
 e - 2 potions of curing {unknown}
 f - 2 potions of brilliance {unknown}
 j - a potion of flight {unknown}
 p - a potion of mutation {unknown}


   Skills:
 + Level 4.3 Fighting
 + Level 4.8 Dodging
 + Level 6.1 Stealth
 - Level 3.0 Unarmed Combat
 - Level 2.0 Spellcasting
 - Level 2.0 Transmutations


You had 9 spell levels left.
You knew the following spells:

 Your Spells              Type           Power      Damage    Failure   Level
a - Beastly Appendage     Tmut           16%        N/A       9%          1

Your spell library contained the following spells:

 Spells                   Type           Power      Damage    Failure   Level
 Wereblood                Tmut           8%         N/A       13%         2
 Slow                     Hex            1%         N/A       28%         2
 Spider Form              Tmut/Pois      2%         N/A       36%         3
 Confusing Touch          Hex            1%         N/A       50%         3
 Vampiric Draining        Necr           0%         2d6       50%         3
 Ice Form                 Ice/Tmut       5%         N/A       77%         4


Dungeon Overview and Level Annotations

Branches:
Dungeon (6/15)
 Temple: D:4-7

Altars:
Gozag
Qazlal
Ru

Shops:
D:4 **

Annotations:
D:5 Pikel


Innate Abilities, Weirdness & Mutations

One of your tentacles has grown a beastly spike.
You cannot wear most types of armour.
You are amphibious.
You can wear up to eight rings at the same time.
Your skin changes colour to match your surroundings (Stealth+).
Your rubbery body absorbs attacks. (AC +1, EV +1)
((You are camouflaged near water. (Stealth+)))
You have tentacles for arms and can constrict up to eight enemies at once.


Message History

You tentacle-slap the sky beast.
Your tentacle spike misses the sky beast.
The sky beast is lightly wounded.
The sky beast hits you. The sky beast shocks you.
You tentacle-slap the sky beast.
Your tentacle spike misses the sky beast.
Your squeeze misses the sky beast.
The sky beast is lightly wounded.
The sky beast barely misses you.
You tentacle-slap the sky beast.
The sky beast is moderately wounded.
The sky beast flickers out of sight!
Deactivating autopickup; reactivate with Ctrl-A.
Something hits you. Something shocks you.
Unknown command.
You tentacle-slap something.
Your tentacle spike misses something.
Something hits you. Something shocks you.
You miss something.
You pierce something.
Something hits you. Something shocks you.
You tentacle-slap something. Something hits you. Something shocks you.
* * * LOW HITPOINT WARNING * * *
You tentacle-slap something. Something barely misses you.
You closely miss something.
Your tentacle-slap misses something.
Something barely misses you.
You miss something. Something completely misses you.
You barely miss something.
Your tentacle spike disappears.
Casting: Beastly Appendage (safe; 9% risk of failure)
Confirm with . or Enter, or press ? or * to list all spells.
One of your tentacles grows a vicious spike.
Something hits you.
* * * LOW HITPOINT WARNING * * *
Something shocks you.
* * * LOW HITPOINT WARNING * * *
You miss something.
You pierce something.
A sky beast appears from thin air!
Reactivating autopickup.
The sky beast hits you.
* * * LOW HITPOINT WARNING * * *
The sky beast shocks you.
You die...

#. # #. #.
#. #. # #.
###.####
#########.
#....Y.#
#.........
#.@#####
#.########
#......###.#
#..###.....#
.....#
#######
#.#....#
#.....
#....?
#..... ####.


You could see a sky beast.

Vanquished Creatures
  Edmund (D:4)
  2 ogres
  A scorpion (D:4)
  3 hounds
  An orc priest (D:4)
  3 gnolls (D:2)
  4 adders
  A worm (D:3)
  2 dart slugs
  4 orcs (D:4)
  7 bats
  9 endoplasms
  7 goblins
  5 hobgoblins
  4 quokkas
  4 ball pythons
  2 frilled lizards (D:2)
  4 kobolds
  7 rats
71 creatures vanquished.

Notes
Turn   | Place    | Note
-------+----------+-------------------------------------------
     0 | D:1      | ZARRMARR the Octopode Transmuter began the quest for the
                  | Orb.
     0 | D:1      | Reached XP level 1. HP: 13/13 MP: 3/3
   253 | D:1      | Reached skill level 1 in Stealth
   490 | D:1      | Reached XP level 2. HP: 18/18 MP: 3/5
  1093 | D:1      | Reached skill level 2 in Stealth
  1093 | D:1      | Reached XP level 3. HP: 23/24 MP: 4/6
  1805 | D:2      | Found a faded altar of an unknown god.
  1958 | D:2      | Reached XP level 4. HP: 4/29 MP: 7/7
  2249 | D:2      | Reached skill level 3 in Stealth
  3174 | D:3      | Reached XP level 5. HP: 35/35 MP: 6/8
  3723 | D:4      | Noticed Edmund
  3732 | D:4      | Killed Edmund
  3733 | D:4      | Reached skill level 4 in Stealth
  3849 | D:4      | Found Gozag's Platinum Reserve.
  3862 | D:4      | Found an opulent altar of Gozag.
  4319 | D:4      | Found Cupuq's Elemental Accessories.
  4331 | D:4      | Reached XP level 6. HP: 41/42 MP: 9/9
  4384 | D:4      | Found a stormy altar of Qazlal.
  4554 | D:4      | Reached skill level 5 in Stealth
  4733 | D:4      | Reached XP level 7. HP: 12/48 MP: 8/10
  5168 | D:5      | Entered Level 5 of the Dungeon
  5209 | D:5      | Noticed Pikel
  5235 | D:6      | Found a sacrificial altar of Ru.
  5356 | D:6      | Reached skill level 6 in Stealth
  5603 | D:6      | HP: 1/48 [sky beast (4)]
  5603 | D:6      | Slain by a sky beast

Illustrated notes

Levels and vault maps discovered:
D:1:      minmay_arrival_three_doors, layout_basic, minmay_octomino_j4
D:2:      layout_basic, shapermc_ecumenical_altar_mp_highgroup,
          chequers_serial_rivers_micro_c
D:3:      layout_basic
D:4:      layout_cave_pools, nicolae_gozag_zags_fifth_avenue,
          grunt_qazlal_sundering, nicolae_elemental_shop, st_stairs_12,
          uniq_edmund
D:5:      layout_layer_cave, uniq_pikel
D:6:      gammafunk_steamed_eel, layout_loops_cross,
          mainiacjoe_overflow_cross_hatched, ashenzari_conservatory_becter

Skill      XL: |  1  2  3  4  5  6  7 |
---------------+----------------------+-----
Stealth        | 1 2 3 4 5 6 |  6.1
Fighting       | 2 3 4 |  4.3
Dodging        | 3 4 |  4.8
Unarmed Combat | |  3.0
Spellcasting   | |  2.0
Transmutations | |  2.0

Action                   |  1- 3 |  4- 6 |  7- 9 || total
-------------------------+-------+-------+-------++-------
Melee: Unarmed           |    82 |    81 |    18 ||   181
       Constrict         |    23 |    20 |     1 ||    44
       Tentacles         |    15 |    19 |     2 ||    36
       Kick              |    13 |    21 |     2 ||    36
       Punch             |     1 |       |       ||     1
Throw: Dart              |       |     2 |       ||     2
 Cast: Beastly Appendage |    27 |    23 |     4 ||    54
  Use: Scroll            |     2 |     3 |       ||     5
       Potion            |       |     2 |     1 ||     3
 Stab: Sleeping          |    10 |     8 |     3 ||    21
Armor: Skin              |    10 |     3 |       ||    13
Dodge: Dodged            |    50 |    41 |     8 ||    99
